 Dungeon Crawl Stone Soup version 0.28-a0-803-g74956062c1 (webtiles) character file.

Game seed: 17666461049411097309

518 Decritt the Firebug (level 7, 0/57 HPs)
             Began as a Black Draconian Fire Elementalist on Nov 7, 2021.
             Killed from afar by Sigmund (7 damage)
             ... with a puff of flame
             ... on level 4 of the Dungeon.
             The game lasted 00:15:55 (5002 turns).

Decritt the Firebug (DrFE)                          Turns: 5002, Time: 00:15:55

Health: 0/57       AC:  7    Str: 16    XL:     7   Next: 1%
Magic:  12/12      EV: 12    Int: 18    God:
Gold:   130        SH:  0    Dex: 11    Spells: 10/13 levels left

rFire   . . .      SeeInvis .   j - +3 flail (venom)
rCold   . . .      Faith    .   (no shield)
rNeg    . . .      Spirit   .   (armour unavailable)
rPois   .          Reflect  .   (helmet restricted)
rElec   +          Harm     .   (no cloak)
rCorr   .          Rampage  .   h - +0 pair of gloves
Will    .....                   (no boots)
Stlth   +.........              (no amulet)
HPRegen 0.19/turn               d - +6 ring of strength
MPRegen 0.13/turn               (no ring)

@: confused, lethally poisoned (0 -> -3), short of breath, ambrosia-drunk,
hasted, very quick
A: breathe lightning, AC +6, unfitting armour, electricity resistance,
cold-blooded
a: Breathe Lightning


You were on level 4 of the Dungeon.
You visited 1 branch of the dungeon, and saw 4 of its levels.

You collected 130 gold pieces.

Inventory:

Hand Weapons
 j - a +3 flail of venom (weapon)
Missiles
 e - 25 stones (quivered)
Armour
 h - a +0 pair of gloves (worn)
Jewellery
 b - a ring of fire
 d - a +6 ring of strength (left hand)
Wands
 c - a wand of polymorph (2)
Scrolls
 a - a scroll of teleportation {unknown}
 p - a scroll of fear {unknown}
 q - a scroll of immolation {unknown}
Potions
 g - a potion of cancellation {unknown}
 i - a potion of curing {unknown}
 k - a potion of lignification {unknown}
 l - a potion of berserk rage {unknown}
 m - a potion of flight {unknown}
 n - a potion of haste
 o - a potion of mutation {unknown}


   Skills:
 * Level 3.2 Fighting
 - Level 1.7 Dodging
 - Level 1.7 Stealth
 - Level 3.7 Spellcasting
 - Level 3.6 Conjurations
 + Level 5.1 Fire Magic


You had 10 spell levels left.
You knew the following spells:

 Your Spells              Type           Power      Damage    Failure   Level
a - Scorch                Fire           44%        2d7       2%          2
b - Foxfire               Conj/Fire      76%        2x1d7     2%          1

Your spell library contained the following spells:

 Spells                   Type           Power      Damage    Failure   Level
 Conjure Flame            Conj/Fire      19%        6-21      8%          3
 Animate Skeleton         Necr           6%         N/A       16%         1
 Beastly Appendage        Tmut           6%         N/A       16%         1
 Pain                     Necr           12%        1d4       16%         1
 Inner Flame              Hex/Fire       12%        N/A       16%         3
 Wereblood                Tmut           3%         N/A       22%         2
 Dazzling Flash           Conj/Hex       18%        N/A       22%         3
 Flame Wave               Conj/Fire      19%        3d5       24%         4
 Spider Form              Tmut/Pois      3%         N/A       41%         3
 Vampiric Draining        Necr           3%         2d6       41%         3
 Agony                    Necr           3%         N/A       99%         5
 Silence                  Hex/Air        1%         N/A       99%         5


Dungeon Overview and Level Annotations

Branches:
Dungeon (4/15)
 Temple: D:4-7

Altars:
Gozag

Annotations:
D:4 Sigmund


Innate Abilities, Weirdness & Mutations

You can breathe wild blasts of lightning.
Your glossy black scales are hard. (AC +6)
You cannot fit into any form of body armour.
You are resistant to electric shocks. (rElec)
You are cold-blooded and may be slowed by cold attacks.


Message History

Something hits you.
* * * LOW HITPOINT WARNING * * *
The hobgoblin barely misses you.
Casting: Scorch (safe; 2% risk of failure)
Confirm with . or Enter, or press ? or * to list all spells.
Flames lash the hobgoblin.
You kill the hobgoblin!
You have got your breath back.
The kobold throws a poisoned dart.
The poisoned dart barely misses you.
You hear some strange, mumbled words.
A puff of flame appears from out of thin air!
The puff of flame hits you.
* * * LOW HITPOINT WARNING * * *
The kobold throws a poisoned dart.
The poisoned dart hits you!
You are poisoned.
Something hits you!
* * * LOW HITPOINT WARNING * * *
You breathe a wild blast of lightning!
You hear a mighty clap of thunder! x2
The bolt of lightning hits something.
You hear a mighty clap of thunder!
The bolt of lightning hits you but does no damage.
* * * LOW HITPOINT WARNING * * *
You feel sick.
You hear a shout! x2; You hear a bark!
You hear a shout!
You hear an angry hiss.
Okay, then.
It was a potion of haste.
You feel yourself speed up.
You feel sick.
A scorpion comes into view.
Something hits you.
* * * LOW HITPOINT WARNING * * *
The kobold throws a poisoned dart.
The poisoned dart barely misses you.
It was a potion of ambrosia.
You are confused.
You feel invigorated.
You feel sick.
You are more confused.
You feel more invigorated.
You hear some strange, mumbled words.
A puff of flame appears from out of thin air!
The puff of flame hits you!
You die...

#....#.#.##.......<.#.......#
###...###.#........###.####...
#.##...#.........#####..#
#...#........#..s.##..(.##.#
#..###.......#...###.(.....#
.............#....#.(.##.....#
.............#......†## ###..#
..................{#.# ##
.....>..(...#...@.##..#
............#)...†#.....
.............)....(.....#
.......##.......)..K....#
..(...####..####.......##
##..### ##).# #........ #...
#..## ...#..##. ##.......#.§#
#.....# ............# ........


You could see a scorpion and a kobold.

Vanquished Creatures
  Grinder (D:3)
  A phantom (D:3)
  An iguana (D:3)
  Terence (D:3)
  A hound skeleton (D:4)
  7 gnolls
  5 adders
  4 worms
  9 bats
  4 endoplasms
  2 giant cockroaches
  4 goblins
  6 hobgoblins
  4 jackals (D:3)
  4 kobolds
  3 quokkas
  5 ball pythons
  5 frilled lizards
  5 rats
72 creatures vanquished.

Vanquished Creatures (others)
  83 foxfires
83 creatures vanquished.

Grand Total: 155 creatures vanquished

Notes
Turn   | Place    | Note
-------+----------+-------------------------------------------
     0 | D:1      | Decritt the Draconian Fire Elementalist began the quest for
                  | the Orb.
     0 | D:1      | Reached XP level 1. HP: 14/14 MP: 3/3
   465 | D:1      | Reached XP level 2. HP: 20/20 MP: 5/5
  1200 | D:1      | Found a faded altar of an unknown god.
  1401 | D:2      | Reached XP level 3. HP: 26/26 MP: 6/6
  2358 | D:2      | Reached XP level 4. HP: 8/33 MP: 3/8
  3047 | D:3      | Found an opulent altar of Gozag.
  3048 | D:3      | Noticed Grinder
  3076 | D:3      | Killed Grinder
  3077 | D:3      | Reached skill level 4 in Fire Magic
  3077 | D:3      | Reached XP level 5. HP: 3/38 MP: 1/10
  3077 | D:3      | Reached XP level 6. HP: 3/45 MP: 1/11
  3876 | D:3      | Noticed Terence
  3887 | D:3      | Killed Terence
  4049 | D:3      | Learned a level 2 spell: Scorch
  4235 | D:3      | Reached skill level 5 in Fire Magic
  4978 | D:4      | Your scales start taking on a glossy black colour.
  4978 | D:4      | Reached XP level 7. HP: 55/57 MP: 8/12
  4978 | D:4      | Gained mutation: You are resistant to electric shocks.
                  | (rElec) [Black Draconian growth]
  4985 | D:4      | Noticed Sigmund
  5002 | D:4      | Killed from afar by Sigmund

Illustrated notes

Levels and vault maps discovered:
D:1:      dpeg_arrival_short_road, layout_loops_ring,
          chequers_ecumenical_altar_simple
D:2:      layout_basic
D:3:      wad_river_or_something, layout_loops_ring, grunt_gozag_statues,
          uniq_grinder, uniq_terence
D:4:      layout_cave_pools, chequers_serial_rivers_micro_a, uniq_sigmund,
          uniq_crazy_yiuf_cottage, uniq_robin

Skill      XL: |  1  2  3  4  5  6 |
---------------+-------------------+-----
Conjurations   | 2 3 |  3.6
Spellcasting   | 3 |  3.7
Fire Magic     | 4 5 |  5.1
Fighting       | 3 |  3.2
Dodging        | |  1.7
Stealth        | |  1.7

Action                   |  1- 3 |  4- 6 |  7- 9 || total
-------------------------+-------+-------+-------++-------
Melee: Club              |    32 |       |       ||    32
       Spear             |    88 |       |       ||    88
       Tailslap          |     9 |     4 |       ||    13
       Halberd           |       |    36 |       ||    36
       Flail             |       |    27 |     1 ||    28
Throw: Stone             |    46 |    35 |     5 ||    86
 Cast: Foxfire           |    24 |    26 |       ||    50
       Scorch            |       |    10 |     2 ||    12
 Abil: Breathe Lightning |       |       |     3 ||     3
  Use: Scroll            |       |     2 |       ||     2
       Potion            |       |       |     3 ||     3
 Stab: Sleeping          |       |     1 |       ||     1
Armor: Skin              |    37 |    33 |     1 ||    71
Dodge: Dodged            |    78 |    69 |     5 ||   152

Table legend: (Time is in decaauts)
 A = Elapsed time spent in this place.
 B = Non-inter-level travel time spent in this place.
 C = Inter-level travel time spent in this place.
 D = Time resting spent in this place.
 E = Time spent auto-exploring this place.
 F = Levels seen in this place.
 G = Mean time per level.
                   A        B        C        D        E       F      G
               +--------+--------+--------+--------+--------+-----+--------+
         Total |   5063 |   4960 |    103 |   1421 |   2734 |   4 | 1265.8 |
       Dungeon |   5063 |   4960 |    103 |   1421 |   2734 |   4 | 1265.8 |
               +--------+--------+--------+--------+--------+-----+--------+

Top non-repeatable levels by time:
     D:3: 2105 daAuts
     D:2: 1438 daAuts
     D:1: 1353 daAuts
     D:4: 165 daAuts
